 Dungeon Crawl Stone Soup version 0.30-a0-860-g512cf1e979 (webtiles) character file.

Game seed: 5816687495553508507

776 Pooter the Digger (level 7, -1/59 HPs)
             Began as a Troll Earth Elementalist on Mar 7, 2023.
             Slain by a scorpion (4 damage)
             ... on level 6 of the Dungeon on Mar 8, 2023.
             The game lasted 00:38:40 (4521 turns).

Pooter the Digger (Troll Earth Elementalist)        Turns: 4521, Time: 00:38:41

Health: -1/59      AC:  6    Str: 20    XL:     7   Next: 54%
Magic:  9/9        EV:  9    Int: 13    God:
Gold:   89         SH:  0    Dex: 10    Spells: 4/10 levels left

rFire   . . .      SeeInvis .      - Unarmed
rCold   . . .      Faith    .    (no shield)
rNeg    . . .      Spirit   .    i - +0 robe {Will+}
rPois   +          Reflect  .    (helmet restricted)
rElec   .          Rampage  .    n - +1 cloak of Loppuomy {*Slow +Inv Str+3}
rCorr   .                        (gloves unavailable)
Will    +....                    (boots unavailable)
Stlth   +                        D - amulet of magic regeneration
HPRegen 1.09/turn                P - ring of poison resistance
MPRegen 0.51/turn                (no ring)

@: no status effects
A: large, unfitting armour, claws 3, regeneration 1, shaggy fur 1, tough skin 1
a: Evoke Invisibility


You were on level 6 of the Dungeon.
You visited 1 branch of the dungeon, and saw 6 of its levels.

You collected 187 gold pieces.
You spent 98 gold pieces at shops.

Inventory:

Hand Weapons
 b - a +0 shortbow
   (You took it off a centaur on level 5 of the Dungeon)
 h - a +0 halberd
   (You took it off a gnoll on level 2 of the Dungeon)
 C - a +0 sling
   (You took it off a goblin on level 2 of the Dungeon)
Missiles
 p - 5 boomerangs
 u - 7 poisoned darts
 F - a large rock
 Q - 24 stones
Armour
 i - a +0 robe of willpower (worn)
   (You took it off Dowan on level 5 of the Dungeon)
 n - the +1 cloak of Loppuomy (worn) {*Slow +Inv Str+3}
   (You found it on level 3 of the Dungeon)

   Str:       It affects your strength (+3).
   +Inv:      It lets you turn invisible.
   *Slow:     It may slow you when you take damage.
Jewellery
 w - an amulet of regeneration
   (You found it on level 4 of the Dungeon)
 D - an amulet of magic regeneration (around neck)
   (You found it on level 5 of the Dungeon)
 P - a ring of poison resistance (left claw)
   (You took it off an orc on level 4 of the Dungeon)
Wands
 f - a wand of flame (9)
   (You took it off Duvessa on level 5 of the Dungeon)
Scrolls
 c - 2 scrolls of immolation {!r}
 d - 3 scrolls of vulnerability {!r}
 k - a scroll of magic mapping
 o - 2 scrolls of blinking
 r - 2 scrolls of teleportation {unknown}
 s - a scroll of amnesia
 t - a scroll of fear
 y - 3 scrolls of enchant weapon {unknown}
 B - a scroll of fog {unknown}
 G - a scroll of enchant armour {unknown}
 H - a scroll of butterflies {unknown}
Potions
 e - 3 potions of mutation {!q}
 g - 3 potions of heal wounds {@q2}
 j - 2 potions of invisibility
 l - a potion of cancellation {unknown}
 m - a potion of resistance {unknown}
 q - a potion of brilliance {unknown}
 v - 2 potions of magic
 x - a potion of ambrosia {unknown}
 z - 2 potions of haste {unknown}
 E - 2 potions of might {unknown}


   Skills:
 + Level 0.7 Ranged Weapons
 - Level 0.6 Throwing
 - Level 1.5 Dodging
 - Level 1.0 Stealth
 + Level 3.1 Unarmed Combat
 + Level 2.2 Spellcasting
 + Level 2.0 Conjurations
 + Level 2.1 Summonings
 + Level 1.5 Translocations
 + Level 1.9 Transmutations
 + Level 4.1 Earth Magic


You had 4 spell levels left.
You knew the following spells:

 Your Spells              Type           Power      Damage    Failure   Level
a - Sandblast             Erth           24%        2d8       4%          1
b - Stone Arrow           Conj/Erth      18%        3d8       21%         3
c - Apportation           Tloc           10%        N/A       14%         1
d - Summon Small Mammal   Summ           28%        N/A       10%         1

Your spell library contained the following spells:

 Spells                   Type           Power      Damage    Failure   Level
 Passwall                 Tmut/Erth      7%         N/A       11%         2
 Necrotise                Necr           4%         1d4       26%         1
 Ignite Poison            Fire/Tmut/Pois 3%         N/A       50%         3
 Kindle Blastsparks       Fire/Tloc/Air  4%         2d10      52%         3
 Petrify                  Tmut/Erth      9%         N/A       56%         4
 Freezing Cloud           Conj/Ice/Air   1%         6-21      99%         5


Dungeon Overview and Level Annotations

Branches:
Dungeon (6/15)             Temple (0/1) D:6

Altars:
Kikubaaqudgha

Shops:
D:1 *


Innate Abilities, Weirdness & Mutations

You are too large for most types of armour.
You have claws for hands.
Your natural rate of healing is unusually fast.
You are covered in fur. (AC +1)
You have tough skin. (AC +1)


Message History

* * * LOW HITPOINT WARNING * * *
The hound bites you.
* * * LOW HITPOINT WARNING * * *
Unknown command.
Okay, then.
Throw: 2 large rocks
Aim: a howler monkey (50% to hit)
You throw a large rock.
The large rock closely misses the scorpion.
The large rock hits the howler monkey.
You feel very sick. The hound bites you but does no damage.
The scorpion barely misses you. The hound bites you.
* * * LOW HITPOINT WARNING * * *
The scorpion stings you.
* * * LOW HITPOINT WARNING * * *
The howler monkey hoots and howls with incredible vigour!
The hound bites you but does no damage.
You hear a shout! x2
Unknown command.
You closely miss the scorpion.
You feel sick.
The scorpion stings you but does no damage.
The hound barely misses you. The scorpion stings you.
* * * LOW HITPOINT WARNING * * *
You closely miss the scorpion.
You feel sick. The hound bites you.
* * * LOW HITPOINT WARNING * * *
The hound bites you but does no damage. The scorpion closely misses you.
You barely miss the scorpion.
You feel sick. The hound bites you but does no damage. The scorpion stings you.
* * * LOW HITPOINT WARNING * * *
You closely miss the scorpion.
You feel sick.
A centaur comes into view.
The hound bites you.
* * * LOW HITPOINT WARNING * * *
The scorpion completely misses you. The hound bites you but does no damage.
You scratch the scorpion.
You feel sick. The hound bites you but does no damage.
The scorpion closely misses you.
Unknown command.
Unknown command.
You claw the scorpion!
You feel sick.
You are no longer poisoned.
The hound bites you.
* * * LOW HITPOINT WARNING * * *
The scorpion stings you.
* * * LOW HITPOINT WARNING * * *
The hound barely misses you.
You barely miss the scorpion. The scorpion stings you.
* * * LOW HITPOINT WARNING * * *
The hound barely misses you. The scorpion stings you.
You die...

....( .....
...... ......
#...... ##.......
#### ##.hc.....
##..####.@sh.....
#....##..##......
##......## .....
#.....## ....
##....## ...
#.....# .. .##
##.....# >
....#####.###..#
#....#.## ####


You could see a centaur, a scorpion, a howler monkey and a hound.

Vanquished Creatures
  Duvessa (D:5)
  A centaur (D:5)
  A scorpion (D:6)
  Dowan (D:5)
  2 howler monkeys
  3 hounds
  Terence (D:3)
  An iguana (D:5)
  An orc wizard (D:5)
  6 gnolls
  8 adders
  A white imp (D:5)
  An ufetubus (D:5)
  2 dart slugs
  7 orcs
  11 endoplasms
  5 giant cockroaches
  9 goblins
  2 hobgoblins
  9 jackals
  2 quokkas (D:1)
  5 ball pythons
  3 bats
  A frilled lizard (D:3)
  9 kobolds
  6 rats
99 creatures vanquished.

Notes
Turn   | Place    | Note
-------+----------+-------------------------------------------
     0 | D:1      | Pooter the Troll Earth Elementalist began the quest for the
                  | Orb.
     0 | D:1      | Reached XP level 1. HP: 16/16 MP: 1/1
   165 | D:1      | Reached XP level 2. HP: 24/24 MP: 0/2
   290 | D:1      | Found Cidumubets's Assorted Antiques.
   298 | D:1      | Reached skill level 3 in Earth Magic
   300 | D:1      | Reached skill level 1 in Unarmed Combat
   487 | D:1      | Reached skill level 1 in Transmutations
   550 | D:1      | Bought a scroll labelled IDITRIYDUOC for 17 gold pieces
   792 | D:1      | Reached XP level 3. HP: 31/31 MP: 0/4
   949 | D:1      | Bought a grey potion for 15 gold pieces
  1373 | D:2      | Learned a level 3 spell: Stone Arrow
  1541 | D:2      | Reached XP level 4. HP: 39/39 MP: 5/5
  1669 | D:1      | Bought a viscous blue potion for 15 gold pieces
  1778 | D:2      | Found an ancient bone altar of Kikubaaqudgha.
  1949 | D:3      | Learned a level 1 spell: Apportation
  1951 | D:3      | Learned a level 1 spell: Summon Small Mammal
  2001 | D:3      | Identified the +1 cloak of Loppuomy {*Slow +Inv Str+3}
  2101 | D:3      | Reached skill level 1 in Conjurations
  2205 | D:3      | Noticed Terence
  2213 | D:3      | Killed Terence
  2214 | D:3      | Reached XP level 5. HP: 45/45 MP: 3/6
  2413 | D:3      | Found a faded altar of an unknown god.
  2982 | D:4      | Identified the +0 spear "Ceerojax" {antimagic, rCorr}
  3008 | D:3      | Reached skill level 1 in Summonings
  3216 | D:1      | Bought 3 scrolls labelled ESKUTZ DULEUFI for 51 gold pieces
  3678 | D:4      | Reached XP level 6. HP: 47/53 MP: 3/7
  3834 | D:5      | Entered Level 5 of the Dungeon
  3908 | D:5      | Reached skill level 1 in Translocations
  4047 | D:5      | Noticed Duvessa
  4050 | D:5      | Noticed Dowan
  4062 | D:5      | Killed Duvessa
  4063 | D:5      | Reached skill level 4 in Earth Magic
  4063 | D:5      | Reached XP level 7. HP: 13/59 MP: 9/9
  4065 | D:5      | HP: 2/59 [Dowan/shard of ice (8)]
  4073 | D:5      | Killed Dowan
  4498 | D:6      | Found a staircase to the Ecumenical Temple.
  4521 | D:6      | Slain by a scorpion

Illustrated notes

Levels and vault maps discovered:
D:1:      dpeg_arrival_renting, layout_loops_ring, serial_shops,
          nicolae_shop_hallway_stairs
D:2:      layout_rooms, basic_altar, interstate_on_off
D:3:      layout_basic, basic_ecumenical_altar, serial_glass, glass_columns_a,
          glass_columns_a, uniq_terence
D:4:      layout_loops_cross, minmay_fractal_squares_diagonal_5
D:5:      layout_rooms, uniq_duvessa
D:6:      layout_cave_pods, nicolae_hepliaklqana_monster_ancestors,
          minmay_temple_entry_drinking_statues

Skill      XL: |  1  2  3  4  5  6  7 |
---------------+----------------------+-----
Earth Magic    | 3 4 |  4.1
Unarmed Combat | 1 2 3 |  3.1
Transmutations | 1 |  1.9
Conjurations   | 1 2 |  2.0
Summonings     | 1 2 |  2.1
Translocations | 1 |  1.5
Spellcasting   | 2 |  2.2
Ranged Weapons | |  0.7
Throwing       | |  0.6
Dodging        | |  1.5
Stealth        | |  1.0

Action                     |  1- 3 |  4- 6 |  7- 9 || total
---------------------------+-------+-------+-------++-------
  Melee: Unarmed           |    29 |    90 |    26 ||   145
         Punch             |       |     2 |       ||     2
   Fire: Sling             |     4 |    69 |       ||    73
         Shortbow          |       |     5 |     9 ||    14
  Throw: Large rock        |     4 |    10 |     5 ||    19
         Stone             |     1 |       |       ||     1
         Dart              |       |     1 |       ||     1
   Cast: Sandblast         |    39 |    32 |     3 ||    74
  Evoke: Wand              |       |     7 |    10 ||    17
    Use: Scroll            |     3 |     5 |     1 ||     9
         Potion            |       |       |     1 ||     1
 Armour: Robe              |    20 |    41 |    22 ||    83
  Dodge: Dodged            |    34 |    66 |    24 ||   124

Table legend: (Time is in decaauts)
 A = Elapsed time spent in this place.
 B = Non-inter-level travel time spent in this place.
 C = Inter-level travel time spent in this place.
 D = Time resting spent in this place.
 E = Time spent auto-exploring this place.
 F = Levels seen in this place.
 G = Mean time per level.
                   A        B        C        D        E       F      G
               +--------+--------+--------+--------+--------+-----+--------+
         Total |   4593 |   4265 |    328 |    619 |   2759 |   6 |  765.5 |
       Dungeon |   4593 |   4265 |    328 |    619 |   2759 |   6 |  765.5 |
               +--------+--------+--------+--------+--------+-----+--------+

Top non-repeatable levels by time:
     D:1: 1368 daAuts
     D:4: 1013 daAuts
     D:3: 879 daAuts
     D:2: 643 daAuts
     D:5: 636 daAuts
     D:6: 52 daAuts
